AoeStats
← breaky1986

MegaRandom

508727223Analyzed
2v2 RM · 9d ago on Sep 23, 2026· 38m 50s· 4 players
Game mode
Random Map
Map size
Medium (4 player)
Population
200
Speed
Normal
Resources
Standard
Victory
Conquest
Starting age
Dark Age
Ending age
Imperial Age
RankedLock teamsTeams togetherTeam positionsShared explorationLock speedFull tech treeHidden civsTurbo modeCheats
Victory
Defeat
🇭🇺 Mapuche · Hungary
1320
+14
🇭🇺 Turks · Hungary
1318
+14
🇩🇪 Persians · Germany
1272
-14
🇩🇪 Chinese · Germany
1268
-14
Channelle
4:30 Loom
9:20 Feudal Age
14:00 Castle Age
12:52 Double-Bit Axe
12:54 Horse Collar
28:04 Wheelbarrow
35:58 Hand Cart
breaky1986
11:11 Feudal Age
11:39 Double-Bit Axe
13:50 Loom
14:25 Town Watch
23:57 Castle Age
23:54 Pikeman
24:34 Squires
23:57 Elite Skirmisher
37:35 Stone Mining
Rudolfking
0:32 Loom
10:48 Feudal Age
12:25 Double-Bit Axe
18:49 Bloodlines
19:01 Horse Collar
23:01 Castle Age
26:33 Scale Barding Armor
26:38 Forging
26:59 Husbandry
31:11 Chain Barding Armor
31:27 Iron Casting
31:15 Bow Saw
31:12 Heavy Plow
32:15 Wheelbarrow
31:25 Town Watch
36:40 Imperial Age
38:05 Plate Barding Armor
38:04 Hand Cart
szeb
0:32 Loom
11:44 Feudal Age
16:03 Fletching
16:42 Horse Collar
20:23 Double-Bit Axe
21:36 Padded Archer Armor
26:34 Castle Age
26:57 Crossbowman
27:34 Bodkin Arrow
27:54 Leather Archer Armor
30:01 Wheelbarrow
31:47 Ballistics
32:55 Heavy Plow
33:06 Bow Saw
38:31 Imperial Age
Connection lost

Rejoining the realm…

Still unreachable

The connection could not be restored.

Session expired

The server has moved on; the page needs a fresh start.